 Dungeon Crawl Stone Soup version 0.27-a0-1456-gf5a116941d (webtiles) character file.

Game seed: 16810795278758149492

6902 Sobieck the Firebug (level 10, -1/76 HPs)
             Began as a Demonspawn Fire Elementalist on July 6, 2021.
             Was a Believer of Qazlal.
             Slain by Harold (19 damage)
             ... on level 8 of the Dungeon.
             The game lasted 00:25:09 (10486 turns).

Sobieck the Firebug (Demonspawn Fire Elementalist) Turns: 10486, Time: 00:25:10

Health: -1/76      AC: 17    Str:  8    XL:     10   Next: 79%
Magic:  14/26      EV: 13    Int: 21    God:    Qazlal [**....]
Gold:   414        SH:  3    Dex: 13    Spells: 11/19 levels left

rFire    . . .     SeeInvis .   a - +2 morningstar {mace}
rCold    . . .     Faith    .   (no shield)
rNeg     . . .     Spirit   .   S - +0 acid dragon scales
rPois    .         Reflect  .   (helmet restricted)
rElec    .         Harm     .   W - +1 cloak
rCorr    +         Rampage  .   (no gloves)
Will     .....                  (no boots)
Stlth    ++........             M - amulet of regeneration {@e2}
HPRegen  1.22/turn              A - +4 ring of protection
MPRegen  0.20/turn              Y - ring of magical power

@: marked
A: antennae 1, yellow scales 3, spiny 1
a: Renounce Religion, Upheaval


You were on level 8 of the Dungeon.
You worshipped Qazlal.
Qazlal was pleased with you.
You visited 2 branches of the dungeon, and saw 10 of its levels.

You collected 414 gold pieces.


Innate Abilities, Weirdness & Mutations

You have a pair of small antennae on your head.
You are completely covered in yellow scales. (AC +4, rCorr)
You are partially covered in sharp spines.


   Skills:
 - Level 6.0 Fighting
 - Level 4.0 Maces & Flails
 - Level 5.0 Armour
 - Level 7.0 Dodging
 - Level 4.0 Stealth
 - Level 5.0 Spellcasting
 - Level 4.0 Conjurations
 - Level 7.0 Fire Magic
 + Level 6.8 Invocations


You had 11 spell levels left.
You knew the following spells:

 Your Spells              Type           Power      Damage    Failure   Level
a - Foxfire               Conj/Fire      100%       2x1d9     1%          1
b - Sticky Flame          Conj/Fire      28%        2d5       19%         4
c - Conjure Flame         Conj/Fire      28%        6-21      5%          3

Your spell library contained the following spells:

 Spells                   Type           Power      Damage    Failure   Level
 Shock                    Conj/Air       52%        1d6       8%          1
 Inner Flame              Hex/Fire       19%        N/A       13%         3
 Animate Skeleton         Necr           10%        N/A       19%         1
 Apportation              Tloc           10%        N/A       19%         1
 Corona                   Hex            5%         N/A       19%         1
 Sting                    Tmut/Pois      20%        1d4       19%         1
 Summon Small Mammal      Summ           20%        N/A       19%         1
 Passwall                 Tmut/Erth      4%         N/A       26%         2
 Poisonous Vapours        Pois/Air       10%        N/A       26%         2
 Fireball                 Conj/Fire      14%        3d8       45%         5
 Call Canine Familiar     Summ           5%         N/A       47%         3
 Gell's Gravitas          Tloc           2%         N/A       47%         3
 Lesser Beckoning         Tloc           2%         N/A       47%         3
 Summon Guardian Golem    Hex/Summ       5%         N/A       47%         3
 Swiftness                Air            5%         N/A       47%         3
 Teleport Other           Tloc           5%         N/A       47%         3
 Airstrike                Air            2%         N/A       87%         4
 Olgreb's Toxic Radiance  Pois           5%         N/A       87%         4
 Invisibility             Hex            2%         N/A       100%        6

Inventory:

Hand Weapons
 a - a +2 morningstar (weapon) {mace}
   (You took it off a wight on level 5 of the Dungeon)
 c - a +0 whip {mace}
   (You took it off a kobold on level 1 of the Dungeon)
 m - a +0 club {mace}
   (You took it off a goblin on level 1 of the Dungeon)
 s - a +1 whip of draining {mace}
   (You took it off a gnoll on level 3 of the Dungeon)
 t - a +0 hunting sling {sling}
   (You took it off a goblin on level 2 of the Dungeon)
 B - a +0 morningstar {mace}
   (You took it off an orc priest on level 3 of the Dungeon)
 C - a +4 great sword of freezing {long}
   (You took it off a wight on level 5 of the Dungeon)
 H - a +0 dagger of venom {short}
   (You took it off an orc on level 5 of the Dungeon)
 I - a +2 dagger of pain {short}
   (You took it off an orc on level 5 of the Dungeon)
 J - a +0 vorpal spear {polearm}
   (You found it on level 6 of the Dungeon)
 R - a +1 short sword of venom {short}
   (You found it on level 7 of the Dungeon)
 V - a +3 quarterstaff of chaos {staff}
   (You took it off Crazy Yiuf on level 7 of the Dungeon)
Missiles
 d - 136 stones {throwing}
 e - 155 arrows
 f - 4 javelins {throwing}
 i - 65 bolts
 q - 24 poisoned darts {throwing}
 F - 6 atropa-tipped darts {throwing}
 P - 2 curare-tipped darts {=fthrowing}
 T - 34 sling bullets
Armour
 k - a +0 robe
 x - a +0 cloak
   (You found it on level 4 of the Dungeon)
 y - the +2 robe of Amorality {rElec}
   (You found it on level 4 of the Dungeon)

   rElec:     It insulates you from electricity.
 S - +0 acid dragon scales (worn)
   (You found it on level 8 of the Dungeon)
 W - a +1 cloak (worn)
   (You took it off Crazy Yiuf on level 7 of the Dungeon)
Magical Staves
 b - a staff of fire {!astaff}
   (You found it on level 3 of the Dungeon)
Jewellery
 A - a +4 ring of protection (left hand)
   (You found it on level 5 of the Dungeon)
 M - an amulet of regeneration (around neck) {@e2}
   (You found it on level 6 of the Dungeon)
 Y - a ring of magical power (right hand)
   (You found it on level 8 of the Dungeon)
 Z - a +4 ring of protection
   (You found it on level 8 of the Dungeon)
Wands
 u - a wand of iceblast (13)
   (You found it on level 3 of the Dungeon)
 w - a wand of polymorph (3)
   (You took it off Natasha on level 3 of the Dungeon)
 Q - a wand of paralysis (8)
   (You took it off a kobold brigand on level 7 of the Dungeon)
 U - a wand of digging (6)
   (You found it on level 7 of the Dungeon)
Scrolls
 g - 4 scrolls of teleportation {unknown}
 n - a scroll of amnesia {unknown}
 r - 2 scrolls of enchant armour {unknown}
 v - a scroll of acquirement {unknown}
 z - 3 scrolls of magic mapping {unknown}
 D - a scroll of immolation {unknown}
 G - a scroll of enchant weapon {unknown}
 K - 9 scrolls of identify {unknown}
 N - a scroll of noise {unknown}
 O - a scroll of fog {unknown}
Potions
 h - a potion of might {unknown}
 j - 4 potions of invisibility {unknown}
 l - 2 potions of heal wounds {unknown}
 o - 2 potions of curing {unknown}
 p - a potion of mutation {unknown}
 E - a potion of cancellation {unknown}
 L - 2 potions of resistance {unknown}
 X - a potion of magic {unknown}

Dungeon Overview and Level Annotations

Branches:
Dungeon (9/15)             Temple (1/1) D:6
   Lair: D:8-11         Orc: D:9-12

Altars:
Fedhas
Hepliaklqana
Okawaru
Qazlal
Ru
Uskayaw
Vehumet

Shops:
D:7 (

Annotations:
D:3 2 transporters, mojowtm's ghost, amateur SpCj
D:8 Harold

#+# .# .## ..##
...### ......
#...# ##@.#####
#@°......
#..#####. #..#
#+# #..### #.#
#....###.# #.#
#........####.##
####.#####.#...##
#.# #..#.....#
#.###.###...##


You could see Harold.


Message History

Confirm with . or Enter, or press ? or * to list all spells.
You conjure some foxfire!
The foxfire hits Harold.
Harold resists.
Harold is struck by your spines. Harold hits you with a +0 battleaxe!
Harold hits your foxfire with a +0 battleaxe! 😮 HP[-8] MP[-1]
You take 8 damage, and now have 48/76 hp.
You lost 1 mp, and now have 15/26 mp.
Casting: Foxfire (safe; 1% risk of failure)
Confirm with . or Enter, or press ? or * to list all spells.
You conjure some foxfire!
The foxfire hits Harold but does no damage. x2
Harold hits you with a +0 battleaxe!
* * * LOW HITPOINT WARNING * * *
😨 HP[-13] MP[-1]
You take 13 damage, and now have 35/76 hp.
You lost 1 mp, and now have 14/26 mp.
Casting: Foxfire (safe; 1% risk of failure)
Confirm with . or Enter, or press ? or * to list all spells.
You conjure some foxfire!
The foxfire hits Harold.
Harold resists.
Harold hits you with a +0 battleaxe.
* * * LOW HITPOINT WARNING * * *
Harold barely misses your foxfire. 😨 HP[-2]
You take 2 damage, and now have 33/76 hp.
Unknown command.
Aiming: Upheaval
Press: ? - help, Dir - move target, f - Harold
Aim: Harold, wielding a +0 battleaxe, wearing a +1 scale mail of fire resistance and quivering 3 throwing nets (heavily wounded, ally target) That beam is likely to hit you.
Continue anyway?
Really fire at your foxfire?
Okay, then.
Casting: Foxfire (safe; 1% risk of failure)
Confirm with . or Enter, or press ? or * to list all spells.
You conjure some foxfire!
The foxfire hits Harold.
Harold resists.
The foxfire hits Harold.
Harold resists.
Harold hits you but does no damage. 😨 HP[+1] MP[-1]
You lost 1 mp, and now have 13/26 mp.
You struggle against the net.
The foxfire hits Harold.
Harold completely resists.
Harold hits you with a +0 battleaxe!
* * * LOW HITPOINT WARNING * * *
😱 HP[-15]
You take 15 damage, and now have 19/76 hp.
Unknown command.
Casting: Foxfire (safe; 1% risk of failure)
Confirm with . or Enter, or press ? or * to list all spells.
You conjure some foxfire!
Harold barely misses you.
Harold hits your foxfire with a +0 battleaxe! 😨 HP[+1] MP[-1]
You lost 1 mp, and now have 12/26 mp.
Casting: Foxfire (safe; 1% risk of failure)
Confirm with . or Enter, or press ? or * to list all spells.
You conjure some foxfire!
Your foxfire is engulfed in freezing vapours.
The foxfire hits Harold.
Harold completely resists.
Your foxfire is engulfed in freezing vapours.
The foxfire hits Harold.
Harold resists.
Harold barely misses you. 😨 HP[+2] MP[-1]
You regained 2 hp, and now have 22/76 hp.
You lost 1 mp, and now have 11/26 mp.
You struggle against the net.
The foxfire hits Harold.
Harold resists.
Harold is struck by your spines.
Harold hits you but does no damage. 😨 HP[+1] MP[+1]
You shred the net and break free! Harold closely misses you. 😨 HP[+1]
You hit Harold but do no damage. Harold hits you with a +0 battleaxe.
* * * LOW HITPOINT WARNING * * *
😨 HP[+1]
You hit Harold. You block Harold's attack. 😨 HP[+1]
You hit Harold. Harold is struck by your spines. Harold barely misses you.
Harold hits you but does no damage. 😨 HP[+2] MP[+1]
You regained 2 hp, and now have 28/76 hp.
You closely miss Harold.
Harold points at you and mumbles some strange words.
The mark upon you grows brighter. 😨 HP[+2]
You regained 2 hp, and now have 30/76 hp.
You hit Harold. Harold closely misses you. 😨 HP[+1]
You barely miss Harold. Harold barely misses you. 😨 HP[+2]
You regained 2 hp, and now have 33/76 hp.
You hit Harold. Harold casts a spell at you. The mark upon you grows brighter.
Harold is struck by your spines.
Harold hits you but does no damage. 😨 HP[+1] MP[+1]
You hit Harold. Harold is struck by your spines.
Harold hits you with a +0 battleaxe!!
* * * LOW HITPOINT WARNING * * *
😱 HP[-19]
You take 19 damage, and now have 15/76 hp.
MASSIVE DAMAGE!! (PAUSE)
You closely miss Harold. Harold barely misses you. 😱 HP[+1]
You sock Harold! Harold is struck by your spines.
Harold hits you with a +0 battleaxe!!
You die...

Skill      XL: |  1  2  3  4  5  6  7  8  9 10 |
---------------+-------------------------------+-----
Stealth        | 2 3 4 |  4.0
Dodging        | 2 3 4 5 7 |  7.0
Armour         | 1 2 3 5 |  5.0
Fighting       | 1 2 4 5 6 |  6.0
Fire Magic     | 3 4 5 6 7 |  7.0
Conjurations   | 2 3 4 |  4.0
Spellcasting   | 3 4 5 |  5.0
Maces & Flails | 1 3 4 |  4.0
Invocations    | 6 |  6.8

Action                   |  1- 3 |  4- 6 |  7- 9 | 10-12 || total
-------------------------+-------+-------+-------+-------++-------
Melee: Unarmed           |     1 |       |       |       ||     1
       Whip              |     9 |       |       |       ||     9
       Morningstar       |     6 |    24 |    58 |    66 ||   154
 Cast: Foxfire           |    56 |    55 |   275 |   104 ||   490
       Sticky Flame      |       |       |     2 |       ||     2
       Conjure Flame     |       |       |     1 |       ||     1
Armor: Robe              |    11 |    11 |    44 |    10 ||    76
       Acid dragon scale |       |       |       |    74 ||    74
Dodge: Dodged            |    26 |    27 |    84 |    60 ||   197
Block: Other             |       |       |     3 |    20 ||    23

Levels and vault maps discovered:
D:1:      amcnicky_arrival_gap_in_the_tavern_cellar, layout_basic,
          item_on_display_a
D:2:      layout_loops_cross, solitary_fountain, palyth_stone_intersect,
          uniq_sigmund, uniq_jessica
D:3:      wander_river, layout_loops_ring, lemuel_doored_altar,
          shapermc_ecumenical_altar_starsandcircs, gammafunk_ghost_arena,
          grunt_ministairs_8, uniq_natasha
D:4:      layout_loops_ring, nzn_hepliaklqana_mist_gate
D:5:      layout_basic, lemuel_tele_altar, kennysheep_mini,
          amcnicky_mini_corridor_feature, cheibrodos_gnoll_hut, uniq_menkaure,
          uniq_prince_ribbit1
D:6:      layout_loops_ring, chequers_temple_overflow_minitemple,
          minmay_temple_entry_ruins
D:7:      minmay_bubble_buster, layout_basic, serial_shops, shop,
          uniq_crazy_yiuf_cottage
D:8:      layout_loops_corners, marbit_many_paths, nicolae_tso_besieged_by_evil,
          ebering_ghost_gozag, uniq_harold
D:9:      layout_loops_ring, bloody_makhleb, grunt_lair_entry_orc_guard_hut,
          minmay_orc_entry_temple_small, lemuel_old_faithful, uniq_psyche
Temple:   jpeg_temple_alley_garden

Notes
Turn   | Place    | Note
-------+----------+-------------------------------------------
     0 | D:1      | Sobieck the Demonspawn Fire Elementalist began the quest
                  | for the Orb.
     0 | D:1      | Reached XP level 1. HP: 13/13 MP: 3/3
     0 | D:1      | magus.rc [v1.9.6]
   311 | D:1      | Gained mutation: You are partially covered in yellow
                  | scales. (AC +2) [demonic ancestry]
   311 | D:1      | Reached XP level 2. HP: 20/20 MP: 0/5
   452 | D:1      | Reached skill level 2 in Stealth
   913 | D:1      | Reached skill level 2 in Dodging
  1504 | D:3      | Reached skill level 1 in Armour
  1504 | D:3      | Gained mutation: You are mostly covered in yellow scales.
                  | (AC +3) [demonic ancestry]
  1504 | D:3      | Reached XP level 3. HP: 25/25 MP: 0/6
  1618 | D:3      | Found a transporter.
  1618 | D:3      | Noticed mojowtm's ghost (amateur SpCj)
  1653 | D:2      | Noticed Jessica
  1671 | D:2      | Killed Jessica
  1672 | D:2      | Reached skill level 1 in Fighting
  1672 | D:2      | Reached skill level 3 in Fire Magic
  1672 | D:2      | Reached XP level 4. HP: 23/32 MP: 0/7
  1862 | D:2      | You add the spells Sting, Poisonous Vapours and Olgreb's
                  | Toxic Radiance to your library.
  1942 | D:2      | Noticed Sigmund
  1949 | D:2      | Killed Sigmund
  1950 | D:2      | Reached skill level 2 in Conjurations
  1950 | D:2      | Gained mutation: You are partially covered in sharp spines.
                  | [demonic ancestry]
  1950 | D:2      | Reached XP level 5. HP: 38/38 MP: 0/9
  2087 | D:2      | You pick up a book of Cantrips and begin reading...
  2087 | D:2      | You add the spells Corona, Animate Skeleton, Summon Small
                  | Mammal and Apportation to your library.
  2172 | D:2      | Reached XP level 6. HP: 44/44 MP: 5/10
  2773 | D:4      | Reached skill level 2 in Fighting
  2773 | D:4      | Reached skill level 2 in Armour
  2773 | D:4      | Reached skill level 3 in Stealth
  2783 | D:3      | Found a stormy altar of Qazlal.
  2797 | D:3      | Reached skill level 3 in Dodging
  2797 | D:3      | Reached skill level 3 in Spellcasting
  2797 | D:3      | Reached skill level 3 in Conjurations
  2819 | D:3      | Reached skill level 4 in Fire Magic
  2819 | D:3      | Reached XP level 7. HP: 39/50 MP: 1/11
  2994 | D:3      | Found a transporter.
  3464 | D:3      | Noticed Natasha
  3468 | D:3      | Killed Natasha
  3487 | D:3      | Noticed Natasha
  3492 | D:3      | Killed Natasha
  3587 | D:3      | Found a faded altar of an unknown god.
  3780 | D:3      | Noticed Natasha
  3783 | D:3      | Killed Natasha
  3879 | D:3      | Became a worshipper of Qazlal Stormbringer
  3981 | D:4      | Reached skill level 1 in Maces & Flails
  4030 | D:4      | HP: 12/51 [ogre (17)]
  4300 | D:5      | Entered Level 5 of the Dungeon
  4728 | D:4      | Gained mutation: You are completely covered in yellow
                  | scales. (AC +4, rCorr) [demonic ancestry]
  4728 | D:4      | Reached XP level 8. HP: 23/57 MP: 11/13
  4911 | D:4      | Identified the +2 robe of Amorality {rElec}
  4982 | D:4      | Found a hazy altar of Hepliaklqana.
  5293 | D:5      | Reached skill level 3 in Fighting
  5367 | D:5      | Reached skill level 2 in Maces & Flails
  5407 | D:5      | Reached skill level 3 in Armour
  5453 | D:5      | Reached skill level 4 in Conjurations
  5670 | D:5      | Noticed Menkaure
  5677 | D:5      | Killed Menkaure
  5677 | D:5      | Reached * piety under Qazlal
  5678 | D:5      | Reached skill level 4 in Stealth
  5678 | D:5      | Reached skill level 4 in Spellcasting
  5731 | D:5      | Noticed Prince Ribbit
  5739 | D:5      | Reached skill level 4 in Dodging
  5747 | D:5      | Killed Prince Ribbit
  5748 | D:5      | Reached skill level 5 in Fire Magic
  5806 | D:5      | Found a hide-covered altar of Uskayaw.
  5861 | D:5      | Reached skill level 3 in Maces & Flails
  5994 | D:5      | You pick up a book of Displacement and begin reading...
  5994 | D:5      | You add the spells Lesser Beckoning, Gell's Gravitas and
                  | Teleport Other to your library.
  5998 | D:5      | You pick up a book of Callings and begin reading...
  5998 | D:5      | You add the spells Call Canine Familiar and Summon Guardian
                  | Golem to your library.
  6030 | D:5      | Found a sacrificial altar of Ru.
  6188 | D:5      | Reached skill level 4 in Fighting
  6456 | D:5      | Gained mutation: You have a pair of small antennae on your
                  | head. [demonic ancestry]
  6456 | D:5      | Reached XP level 9. HP: 65/65 MP: 10/15
  6671 | D:7      | Reached skill level 4 in Armour
  6757 | D:6      | You pick up a book of Burglary and begin reading...
  6757 | D:6      | You add the spells Passwall, Swiftness and Invisibility to
                  | your library.
  7099 | D:6      | Found a staircase to the Ecumenical Temple.
  7158 | D:6      | Reached skill level 4 in Maces & Flails
  7158 | D:6      | Reached skill level 5 in Spellcasting
  7276 | D:6      | You pick up a book of Air and begin reading...
  7276 | D:6      | You add the spells Shock and Airstrike to your library.
  7319 | D:6      | Found a radiant altar of Vehumet.
  7319 | D:6      | Found a blossoming altar of Fedhas.
  7327 | D:6      | Found a faded altar of an unknown god.
  7329 | D:6      | Found an iron altar of Okawaru.
  7331 | D:6      | Found a faded altar of an unknown god.
  7519 | D:6      | Noticed a boulder beetle
  7651 | D:5      | Learned a level 4 spell: Sticky Flame
  7671 | D:6      | Killed a boulder beetle
  7782 | D:6      | You pick up a book of Callings and begin reading...
  7967 | D:7      | Reached skill level 5 in Fighting
  8047 | D:7      | Paralysed by a kobold brigand for 6 turns
  8057 | D:7      | Learned a level 3 spell: Conjure Flame
  8151 | D:7      | Reached skill level 5 in Armour
  8151 | D:7      | Reached skill level 5 in Dodging
  8277 | D:7      | Reached skill level 6 in Fire Magic
  8407 | D:8      | Reached XP level 10. HP: 74/74 MP: 11/17
  8419 | D:9      | Reached skill level 1 in Invocations
  8636 | D:7      | Reached skill level 2 in Invocations
  8738 | D:7      | Found a runed translucent door.
  8739 | D:7      | Noticed Crazy Yiuf
  8801 | D:7      | Found Biyl's Weapon Emporium.
  8840 | D:7      | Reached ** piety under Qazlal
  9210 | D:7      | Reached skill level 6 in Fighting
  9230 | D:7      | Reached skill level 3 in Invocations
  9369 | D:7      | Reached skill level 6 in Dodging
  9412 | D:7      | Reached skill level 4 in Invocations
  9732 | D:7      | Killed Crazy Yiuf
  9814 | Temple   | Entered the Ecumenical Temple
  9985 | D:8      | Reached skill level 7 in Fire Magic
  9994 | D:8      | Reached skill level 5 in Invocations
 10304 | D:8      | Noticed a four-headed hydra
 10312 | D:8      | Killed a four-headed hydra
 10313 | D:8      | Reached skill level 7 in Dodging
 10313 | D:8      | Reached skill level 6 in Invocations
 10455 | D:8      | Noticed Harold
 10472 | D:8      | HP: 19/76 [Harold (16)]
 10484 | D:8      | HP: 15/76 [Harold (21)]
 10486 | D:8      | Slain by Harold

Vanquished Creatures
  A boulder beetle (D:6)
  A hydra (D:8)
  3 centaur zombies (D:7)
  Prince Ribbit (D:5)
  Sigmund (D:2)
  A vampire (D:7)
  A wyvern (D:7)
  5 yaks (D:8)
  A steam dragon (D:7)
  Menkaure (D:5)
  An acid dragon (D:8)
  4 water moccasins
  An orc warrior (D:7)
  2 black bears (D:7)
  A sky beast (D:7)
  4 ogres
  2 necrophages
  4 centaurs
  2 phantoms
  2 kobold brigands (D:7)
  3 bullfrogs (D:8)
  3 scorpions
  A wyvern zombie (D:7)
  A water moccasin skeleton (D:6)
  5 wights (D:5)
  2 bullfrog zombies
  3 hounds
  Crazy Yiuf (D:7)
  A centaur skeleton (D:5)
  2 orc priests
  2 gnoll shamans
  2 jellies (D:7)
  Jessica (D:2)
  2 iguanas
  2 orc wizards
  Natasha (thrice) (D:3)
  A hound zombie (D:5)
  9 gnolls
  A howler monkey skeleton (D:7)
  6 adders
  3 worms
  A dart slug (D:1)
  18 orcs
  6 ball pythons
  6 endoplasms
  5 giant cockroaches
  5 goblins
  10 hobgoblins
  10 jackals
  2 quokkas
  3 bats
  2 frilled lizards (D:2)
  13 kobolds
  4 rats
  3 foxfires
181 creatures vanquished.

Vanquished Creatures (collateral kills)
  2 foxfires (D:5)
2 creatures vanquished.

Vanquished Creatures (others)
  767 foxfires
  6 fungi (D:9)
  8 plants (D:9)
781 creatures vanquished.

Grand Total: 964 creatures vanquished

Table legend:
 A = Non-vault XP
 B = Vault XP
 C = Vault XP percentage of total XP
 D = Non-vault monster count
 E = Vault monster count
 F = Vault count percentage of total count
                 A         B        C        D         E       F
            +---------+---------+-------+---------+---------+-------
      Total |    7598 |    2263 |  22.9 |     152 |      26 |  14.6
            +---------+---------+-------+---------+---------+-------
        D:1 |      32 |       0 |   0.0 |      19 |       0 |   0.0
        D:2 |      61 |     257 |  80.8 |      17 |       2 |  10.5
        D:3 |     445 |      42 |   8.6 |      29 |       3 |   9.4
        D:4 |     643 |       0 |   0.0 |      28 |       0 |   0.0
        D:5 |     785 |     543 |  40.9 |      20 |       5 |  20.0
        D:6 |    1523 |       0 |   0.0 |       7 |       0 |   0.0
        D:7 |    1784 |    1235 |  40.9 |      22 |      14 |  38.9
        D:8 |    2215 |     186 |   7.7 |       8 |       2 |  20.0
        D:9 |     110 |       0 |   0.0 |       2 |       0 |   0.0
            +---------+---------+-------+---------+---------+-------

Illustrated notes

Table legend:
 A = Kills in this place as a percentage of kills in entire the game.
 B = Kills by you in this place as a percentage of kills by you in the entire game.
 C = Kills by friends in this place as a percentage of kills by friends in the entire game.
 D = Other kills in this place as a percentage of other kills in the entire game.
 E = Experience gained in this place as a percentage of experience gained in the entire game.
 F = Experience gained in this place divided by the number of levels of this place that you have seen.
                   A       B       C       D       E      F
               +-------+-------+-------+-------+-------+----------------------
         Total | 100.0 | 100.0 |   N/A |   N/A | 100.0 | 986.1
       Dungeon | 100.0 | 100.0 |   N/A |   N/A | 100.0 | 1095.7
               +-------+-------+-------+-------+-------+----------------------

Table legend: (Time is in decaauts)
 A = Elapsed time spent in this place.
 B = Non-inter-level travel time spent in this place.
 C = Inter-level travel time spent in this place.
 D = Time resting spent in this place.
 E = Time spent auto-exploring this place.
 F = Levels seen in this place.
 G = Mean time per level.
                   A        B        C        D        E       F      G
               +--------+--------+--------+--------+--------+-----+--------+
         Total |  10594 |  10022 |    572 |   1575 |   6881 |  10 | 1059.4 |
       Dungeon |  10592 |  10020 |    572 |   1575 |   6881 |   9 | 1176.9 |
        Temple |      1 |      1 |      0 |      0 |      0 |   1 |    1.0 |
               +--------+--------+--------+--------+--------+-----+--------+

Top non-repeatable levels by time:
     D:7: 1865 daAuts
     D:5: 1534 daAuts
     D:4: 1386 daAuts
     D:1: 1358 daAuts
     D:3: 1356 daAuts
     D:2: 1225 daAuts
     D:6: 1169 daAuts
     D:8: 683 daAuts
     D:9: 14 daAuts
  Temple: 1 daAuts
